 Dungeon Crawl Stone Soup version 0.31.0-11-ge490571c62 (webtiles) character file.

Game seed: 11271882589022490431

392 Ashen the Sneak (level 6, -6/44 HPs)
             Began as a Gnoll Enchanter on Feb 7, 2024.
             Killed from afar by an orc wizard (9 damage)
             ... with a magic dart
             ... on level 5 of the Dungeon.
             The game lasted 00:05:56 (3032 turns).

Ashen the Sneak (Gnoll Enchanter)                   Turns: 3032, Time: 00:05:56

Health: -6/44      AC: 13    Str:  7    XL:     6   Next: 80%
Magic:  4/14       EV: 14    Int: 15    God:
Gold:   73         SH:  0    Dex: 14    Spells: 1/15 levels left

rFire   . . .        q - +1 dagger (protect)
rCold   . . .        (no shield)
rNeg    . . .        b - +0 robe
rPois   .            i - +0 helmet
rElec   .            m - +2 cloak
rCorr   .            (no gloves)
SInv    .            (no boots)
Will    .....        (no amulet)
Stlth   +            (no ring)
HPRegen 0.27/turn    (no ring)
MPRegen 0.14/turn

%: no passive effects
@: confused, under a protective aura, invisible
A: fangs 1, strong nose, distributed training
a: no special abilities


You were on level 5 of the Dungeon.
You visited 1 branch of the dungeon, and saw 4 of its levels.

You collected 170 gold pieces.
You spent 97 gold pieces at shops.

Inventory:

Hand Weapons
 a - a +1 dagger
 q - a +1 dagger of protection (weapon)
Armour
 b - a +0 robe (worn)
 i - a +0 helmet (worn)
 m - a +2 cloak (worn)
Jewellery
 j - a ring of protection from cold
Wands
 o - a wand of mindburst (13)
Scrolls
 d - a scroll of fog {unknown}
 e - 6 scrolls of identify {unknown}
 g - 3 scrolls of teleportation {unknown}
 k - a scroll of brand weapon {unknown}
 l - a scroll of enchant armour {unknown}
 p - a scroll of blinking
Potions
 c - a potion of invisibility
 f - a potion of enlightenment {unknown}
 h - a potion of attraction {unknown}
 n - a potion of heal wounds {unknown}
 r - a potion of degeneration {unknown}


   Skills:
 + Level 2.2 Fighting
 + Level 3.4 Short Blades
 + Level 2.2 Long Blades
 + Level 2.2 Axes
 + Level 2.2 Maces & Flails
 + Level 2.2 Polearms
 + Level 2.2 Staves
 + Level 2.2 Ranged Weapons
 + Level 2.2 Throwing
 + Level 2.2 Armour
 + Level 5.1 Dodging
 + Level 6.4 Stealth
 + Level 2.2 Shields
 + Level 2.2 Unarmed Combat
 + Level 5.4 Spellcasting
 + Level 1.7 Conjurations
 + Level 5.7 Hexes
 + Level 1.7 Summonings
 + Level 1.7 Necromancy
 + Level 1.7 Translocations
 + Level 1.7 Fire Magic
 + Level 1.7 Ice Magic
 + Level 1.7 Air Magic
 + Level 1.7 Earth Magic
 + Level 1.7 Alchemy
 + Level 2.4 Invocations
 + Level 2.2 Evocations
 + Level 2.0 Shapeshifting


You had one spell level left.
You knew the following spells:

 Your Spells              Type           Power      Damage    Failure   Level
a - Ensorcelled Hibernat  Hex/Ice        30%        N/A       4%          2
b - Mephitic Cloud        Conj/Alch/Air  9%         N/A       22%         3
c - Confusing Touch       Hex            21%        N/A       4%          3
d - Tukima's Dance        Hex            21%        N/A       4%          3
e - Dazzling Flash        Conj/Hex       30%        N/A       10%         3

Your spell library contained the following spells:

 Spells                   Type           Power      Damage    Failure   Level
 Mercury Vapours          Alch/Air       18%        N/A       12%         2
 Freezing Cloud           Conj/Ice/Air   4%         6-21      91%         5


Dungeon Overview and Level Annotations

Branches:
Dungeon (3/15)

Altars:
Cheibriados

Shops:
D:5 ?


Innate Abilities, Weirdness & Mutations

You have very sharp teeth.
Your uncanny sense of smell can sniff out nearby items.
Your experience applies equally to all skills.


Message History

Confirm with . or Enter, or press ? or * to list all spells.
Your hands begin to glow red.
The sleepcap releases spores at you but does no damage.
You hit the sleepcap but do no damage. You punch the sleepcap.
You bite the sleepcap, but do no damage.
The sleepcap is lightly damaged.
The sleepcap releases spores at you but does no damage.
You hit the sleepcap but do no damage.
The sleepcap appears confused.
The sleepcap is lightly damaged.
You completely miss the sleepcap.
The sleepcap is lightly damaged.
The orc priest is no longer blind.
The orc priest calls down the wrath of Beogh upon you.
Beogh smites you!
The sleepcap closely misses the orc priest.
You hit the sleepcap but do no damage.
The sleepcap is lightly damaged.
The orc priest looks encouraged for a moment.
You hear some strange, mumbled words.
You are confused.
The sleepcap barely misses you.
Things that are here:
a +0 dagger; a +0 robe You hit the orc priest but do no damage.
The orc priest is severely wounded.
Something hits you.
The orc priest calls down the wrath of Beogh upon you.
Beogh smites you!
* * * LOW HITPOINT WARNING * * *
You barely miss the sleepcap.
You bite the sleepcap, but do no damage.
The sleepcap is lightly damaged.
Something barely misses you.
The orc priest casts a cantrip, but nothing happens.
The sleepcap misses you.
The sleepcap releases spores at itself.
You fade into invisibility!
You hear some strange, mumbled words.
A magic dart appears from out of thin air!
The magic dart hits you!
You die...

∆
#......#....##
..#
#.##.#.######
### #....#.###
######...#
..###.# #. #.#
#. #.# #o###.#
#{@...#
#f###.# ## ###


You could see a sleepcap (confused, unable to see you) and an orc priest (unable
to see you).

Vanquished Creatures
  A centaur (D:5)
  A scorpion (D:3)
  A hound (D:5)
  A jelly (D:5)
  A bombardier beetle (D:3)
  A sleepcap (D:5)
  2 orc wizards (D:5)
  2 adders
  4 dart slugs
  A ribbon worm (D:3)
  8 orcs
  6 bats
  6 endoplasms
  4 giant cockroaches
  2 goblins
  6 hobgoblins
  A kobold (D:2)
  3 quokkas
  3 ball pythons
  2 frilled lizards (D:1)
  7 rats
  A butterfly (D:1)
64 creatures vanquished.

Notes
Turn   | Place    | Note
-------+----------+-------------------------------------------
     0 | D:1      | Ashen the Gnoll Enchanter began the quest for the Orb.
     0 | D:1      | Reached XP level 1. HP: 13/13 MP: 6/6
   182 | D:1      | Found a faded altar of an unknown god.
   196 | D:1      | Reached XP level 2. HP: 20/20 MP: 7/7
   199 | D:1      | Learned a level 2 spell: Ensorcelled Hibernation
   971 | D:2      | Reached skill level 5 in Spellcasting
   971 | D:2      | Reached XP level 3. HP: 13/25 MP: 7/9
  1068 | D:2      | Reached skill level 6 in Stealth
  1112 | D:2      | Learned a level 3 spell: Mephitic Cloud
  1301 | D:2      | Reached skill level 1 in Invocations
  1386 | D:2      | Reached skill level 1 in Fighting
  1386 | D:2      | Reached skill level 1 in Long Blades
  1386 | D:2      | Reached skill level 1 in Axes
  1386 | D:2      | Reached skill level 1 in Maces & Flails
  1386 | D:2      | Reached skill level 1 in Polearms
  1386 | D:2      | Reached skill level 1 in Staves
  1386 | D:2      | Reached skill level 1 in Ranged Weapons
  1386 | D:2      | Reached skill level 1 in Throwing
  1386 | D:2      | Reached skill level 1 in Armour
  1386 | D:2      | Reached skill level 1 in Shields
  1386 | D:2      | Reached skill level 1 in Unarmed Combat
  1386 | D:2      | Reached skill level 1 in Evocations
  1906 | D:3      | Reached skill level 1 in Shapeshifting
  1906 | D:3      | Reached XP level 4. HP: 32/32 MP: 6/11
  1991 | D:3      | Found a snail-covered altar of Cheibriados.
  2195 | D:3      | Noticed a scorpion
  2205 | D:3      | Killed a scorpion
  2206 | D:3      | Reached skill level 1 in Conjurations
  2206 | D:3      | Reached skill level 1 in Summonings
  2206 | D:3      | Reached skill level 1 in Necromancy
  2206 | D:3      | Reached skill level 1 in Translocations
  2206 | D:3      | Reached skill level 1 in Fire Magic
  2206 | D:3      | Reached skill level 1 in Ice Magic
  2206 | D:3      | Reached skill level 1 in Air Magic
  2206 | D:3      | Reached skill level 1 in Earth Magic
  2206 | D:3      | Reached skill level 1 in Alchemy
  2206 | D:3      | Reached XP level 5. HP: 20/37 MP: 1/12
  2690 | D:3      | You fall into a shaft and drop 2 floors!
  2690 | D:5      | Entered Level 5 of the Dungeon
  2702 | D:5      | Found Jaagieqo's Magic Scroll Shop.
  2708 | D:5      | Bought a scroll of blinking for 97 gold pieces
  2758 | D:5      | Noticed a centaur
  2760 | D:5      | Reached XP level 6. HP: 37/44 MP: 2/13
  2869 | D:5      | Reached skill level 5 in Dodging
  2900 | D:5      | Learned a level 3 spell: Confusing Touch
  2904 | D:5      | Learned a level 3 spell: Tukima's Dance
  2908 | D:5      | Learned a level 3 spell: Dazzling Flash
  3032 | D:5      | Killed from afar by an orc wizard

Illustrated notes

Levels and vault maps discovered:
D:1:      spicycebolla_arrival_clurvy, layout_loops_corners,
          ebering_ecumenical_altar_ruins, serial_bayou_lagoon_b
D:2:      layout_basic
D:3:      layout_basic, kennysheep_slug_shrine, hangedman_decor_growths,
          chequers_serial_rivers_small_b
D:5:      layout_basic, grunt_gozag_statues, serial_shops, nicolae_square_shop,
          hangedman_abyss_or_decor_jellyfish_corner

Skill      XL: |  1  2  3  4  5  6 |
---------------+-------------------+-----
Spellcasting   | 5 |  5.4
Stealth        | 6 |  6.4
Invocations    | 1 2 |  2.4
Fighting       | 1 2 |  2.2
Long Blades    | 1 2 |  2.2
Axes           | 1 2 |  2.2
Maces & Flails | 1 2 |  2.2
Polearms       | 1 2 |  2.2
Staves         | 1 2 |  2.2
Ranged Weapons | 1 2 |  2.2
Throwing       | 1 2 |  2.2
Armour         | 1 2 |  2.2
Shields        | 1 2 |  2.2
Unarmed Combat | 1 2 |  2.2
Evocations     | 1 2 |  2.2
Shapeshifting  | 1 2 |  2.0
Conjurations   | 1 |  1.7
Summonings     | 1 |  1.7
Necromancy     | 1 |  1.7
Translocations | 1 |  1.7
Fire Magic     | 1 |  1.7
Ice Magic      | 1 |  1.7
Air Magic      | 1 |  1.7
Earth Magic    | 1 |  1.7
Alchemy        | 1 |  1.7
Short Blades   | 3 |  3.4
Dodging        | 5 |  5.1
Hexes          | |  5.7

Action                     |  1- 3 |  4- 6 || total
---------------------------+-------+-------++-------
  Melee: Dagger            |   119 |    89 ||   208
         Bite              |    10 |    14 ||    24
         Punch             |     3 |     3 ||     6
   Cast: Ensorcelled Hiber |     7 |    26 ||    33
         Confusing Touch   |       |     3 ||     3
         Dazzling Flash    |       |     3 ||     3
    Use: Potion            |       |     1 ||     1
   Stab: Sleeping          |    15 |    18 ||    33
         Distracted        |     1 |       ||     1
         Confused          |       |     2 ||     2
         Invisible         |       |     1 ||     1
 Armour: Robe              |    45 |    42 ||    87
  Dodge: Dodged            |    68 |    50 ||   118
